 Dungeon Sprint DCSS version 0.18-a0-1800-gdc7a371 (webtiles) character file.

276819 Kidiri the Unseen (level 12, 20/64 HPs)
             Began as a Spriggan Enchanter on Apr 24, 2016.
             Was the Champion of Dithmenos.
             Escaped with the Orb!
             The game lasted 00:18:16 (3063 turns).

Kidiri the Unseen (Spriggan Enchanter)              Turns: 3063, Time: 00:18:16

Health: 20/64      AC:  8    Str: 10    XL:     12   Next: 66%
Magic:  30/32      EV: 38    Int: 19    God:    Dithmenos [******]
Gold:   1529       SH: 13    Dex: 21    Spells: 5 memorised, 29 levels left

rFire  + . .     SeeInvis +     a - +1 dagger
rCold  + . .     Gourm    .     p - +2 robe {rC+ rF+}
rNeg   + . .     Faith    .     l - +3 buckler of the Republic {rN+ Str+4}
rPois  .         Spirit   .     o - +2 hat
rElec  .         Dismiss  .     (no cloak)
rCorr  .         Reflect  .     (gloves unavailable)
SustAt .         Harm     .     (boots unavailable)
MR     ++...     NoTele   +     (no amulet)
Stlth  ++++++....               q - +1 ring of evasion
                                b - +2 ring of evasion

@: very slightly contaminated, wreathed by umbra, very quick, very resistant to
hostile enchantments, very stealthy
A: unfitting armour, large bone plates 1, see invisible, agile 1, herbivore 3,
speed 3, slow metabolism 2, strong 1
a: Shadow Step, Shadow Form, Renounce Religion
0: Orb of Zot


You escaped.
You worshipped Dithmenos.
Dithmenos was exalted by your worship.
You were not hungry.

You visited 1 branch You collected 3661 gold pieces.
You spent 2132 gold pieces at shops.

Inventory:

Hand Weapons
 a - a +1 dagger (weapon)
Armour
 l - the +3 buckler of the Republic (worn) {rN+ Str+4}
   (You bought it in a shop in the Dungeon)

   It affects your strength (+4).
   It protects you from negative energy.
 o - a +2 hat (worn)
 p - a +2 robe of resistance (worn)
Jewellery
 b - a +2 ring of evasion (left hand)
 q - a +1 ring of evasion (right hand)
Scrolls
 h - 2 scrolls of remove curse
 m - a scroll of immolation
 n - a scroll of recharging
 r - a scroll of enchant armour
Potions
 e - a potion of curing
 f - a potion of cancellation
 g - a potion of haste
 i - a potion of berserk rage
 k - 2 potions of might
 s - a potion of brilliance
Comestibles
 d - 3 bread rations


   Skills:
 + Level 7.8 Fighting
 * Level 14.0 Short Blades
 + Level 7.1 Armour
 * Level 17.5 Dodging
 * Level 18.9 Stealth
 + Level 5.8 Shields
 * Level 15.1 Spellcasting
 + Level 6.7 Conjurations
 + Level 11.4 Hexes
 + Level 7.7 Ice Magic
 - Level 2.6 Invocations


You had 29 spell levels left.
You knew the following spells:

 Your Spells              Type           Power        Failure   Level  Hunger
a - Corona                Hex            ######.      1%          1    None
b - Ensorcelled Hibernat  Hex/Ice        ######       1%          2    None
c - Confuse               Hex            ######..     1%          3    None
d - Tukima's Dance        Hex            ######..     1%          3    None
e - Dazzling Spray        Conj/Hex       #####...     1%          3    None


Dungeon Overview and Level Annotations

Branches:
Dungeon (1/1)

Altars:
Cheibriados
Dithmenos
Elyvilon
Fedhas
Gozag
Kikubaaqudgha
Makhleb
Nemelex Xobeh
Okawaru
Pakellas
Qazlal
Ru
Sif Muna
Trog
Vehumet
Xom
Yredelemnul
Zin
The Shining One
Jiyva

Shops:
D [?![%??[%}%!*[}![!%[*

Annotations:
D Norris, Tiamat


Innate Abilities, Weirdness & Mutations

You are tiny and cannot use many weapons and most armour.
You have supernaturally acute eyesight.
You are a herbivore.
You cover ground extremely quickly.
You need consume almost no food.
You are partially covered in large bone plates (AC +2, SH +2).
You are agile. (Dex +2)
Your muscles are strong. (Str +2)


Message History

* * * LOW HITPOINT WARNING * * *
You emit a cloud of dark smoke.
There is an open door, spattered with blood here.
Unknown command.
Drink which item? (? for menu, Esc to quit)
Okay, then.
There is an open door here.
Things that are here:
a scythe; a robe There's a creature in the doorway!
Unknown command.
There is an open door here.
You see here a giant club.
As you close the door, it creaks loudly!
An Orb Guardian opens the door.
There is an open door here.
You close the door.
An Orb Guardian opens the door.
There is an open door here.
There is a staircase leading out of the dungeon here.
You have escaped!

##################
#@X#..'..#.)§§§#__
#..'..#.)'..#§§§^§
#..#####+#####§#§§
#..####:.#...#§###
#.)#__####..##.#§≈
#..#_.___##+#..+≈§
#⌠⌠#_.∩...+..._#(§
####_..._##_.#+##+
#_____###+#.#))


You could see an Orb Guardian.

Vanquished Creatures
  4 fire giants (D)
  A lorocyproca (D)
  A hydra (D)
  2 centaur warriors (D)
  Sonja (D)
  7 unseen horrors (D)
  A deep troll (D)
  8 shining eyes (D)
  An oklob plant (D)
  A lindwurm (D)
  A gargoyle (D)
  4 demonic crawlers (D)
  2 kobold demonologists (D)
  A slime creature (D)
  2 redbacks (D)
  A yak (D)
  Sigmund (D)
  A ynoxinul (D)
  13 hogs (D)
  7 giant eyeballs (D)
  A wasp (D)
  7 necrophages (D)
  An ogre (D)
  8 jellies (D)
  Ijyb (D)
  A ballistomycete (D)
  A giant spore (D)
80 creatures vanquished.

Vanquished Creatures (others)
  A gargoyle (D)
  A giant spore (D)
2 creatures vanquished.

Grand Total: 82 creatures vanquished

Notes
Turn   | Place    | Note
--------------------------------------------------------------
     0 | D        | Kidiri the Spriggan Enchanter began the quest for the Orb.
     0 | D        | Reached XP level 1. HP: 9/9 MP: 5/5
     2 | D        | Noticed Ijyb
    18 | D        | Killed Ijyb
    18 | D        | Reached skill level 1 in Fighting
    18 | D        | Reached skill level 5 in Stealth
    18 | D        | Reached XP level 2. HP: 14/14 MP: 2/7
    24 | D        | Learned a level 2 spell: Ensorcelled Hibernation
    63 | D        | Noticed an ogre
    65 | D        | Killed an ogre
    65 | D        | Reached skill level 1 in Armour
    65 | D        | Reached skill level 7 in Stealth
    65 | D        | Reached skill level 5 in Spellcasting
    65 | D        | Reached skill level 1 in Ice Magic
    65 | D        | Reached XP level 3. HP: 18/18 MP: 7/10
    65 | D        | Reached XP level 4. HP: 23/23 MP: 8/12
    70 | D        | Learned a level 3 spell: Confuse
    74 | D        | Learned a level 3 spell: Tukima's Dance
    78 | D        | Learned a level 3 spell: Dazzling Spray
   101 | D        | Noticed Sigmund
   103 | D        | Killed Sigmund
   103 | D        | Reached skill level 5 in Short Blades
   103 | D        | Reached skill level 8 in Stealth
   103 | D        | Reached skill level 1 in Conjurations
   103 | D        | Reached skill level 5 in Hexes
   103 | D        | Reached XP level 5. HP: 27/27 MP: 12/14
   131 | D        | Found a snail-covered altar of Cheibriados.
   131 | D        | Found a shadowy altar of Dithmenos.
   131 | D        | Noticed a slime creature
   132 | D        | Found a viscous altar of Jiyva.
   132 | D        | Found a blossoming altar of Fedhas.
   256 | D        | Killed a slime creature
   256 | D        | Reached skill level 10 in Stealth
   256 | D        | Reached XP level 6. HP: 21/32 MP: 0/17
   272 | D        | Became a worshipper of Dithmenos the Shadowed
   357 | D        | Killed a gargoyle
   375 | D        | Found a deep blue altar of Sif Muna.
   377 | D        | Found a radiant altar of Vehumet.
   418 | D        | Found Goehet's Antique Armour Emporium.
   418 | D        | Found a white marble altar of Elyvilon.
   418 | D        | Found a stormy altar of Qazlal.
   418 | D        | Found a burning altar of Makhleb.
   418 | D        | Found a sacrificial altar of Ru.
   418 | D        | Found an oddly glowing altar of Pakellas.
   418 | D        | Found a basalt altar of Yredelemnul.
   418 | D        | Found a glowing golden altar of the Shining One.
   418 | D        | Found a sparkling altar of Nemelex Xobeh.
   418 | D        | Found a shimmering altar of Xom.
   418 | D        | Found an opulent altar of Gozag.
   418 | D        | Found an ancient bone altar of Kikubaaqudgha.
   418 | D        | Found a glowing silver altar of Zin.
   418 | D        | Noticed a yak
   419 | D        | Found an iron altar of Okawaru.
   420 | D        | Killed a yak
   420 | D        | Reached skill level 1 in Invocations
   420 | D        | Reached XP level 7. HP: 36/36 MP: 19/19
   421 | D        | Found a bloodstained altar of Trog.
   432 | D        | Noticed Sonja
   436 | D        | Killed Sonja
   436 | D        | Reached * piety under Dithmenos
   436 | D        | Reached skill level 10 in Dodging
   436 | D        | Reached skill level 11 in Stealth
   436 | D        | Reached XP level 8. HP: 42/42 MP: 20/22
   450 | D        | Found Ugohevia's Armour Boutique.
   475 | D        | Noticed a deep troll
   482 | D        | Killed a deep troll
   482 | D        | Reached skill level 12 in Stealth
   493 | D        | Found Tesunylo's Armour Emporium.
   498 | D        | Bought the +3 buckler of the Republic {rN+ Str+4} for 430 gold pieces
   517 | D        | Noticed a centaur warrior
   517 | D        | Noticed a centaur warrior
   530 | D        | Killed a centaur warrior
   530 | D        | Reached skill level 13 in Stealth
   530 | D        | Reached skill level 1 in Shields
   530 | D        | Reached skill level 10 in Spellcasting
   530 | D        | Reached XP level 9. HP: 32/46 MP: 7/24
   544 | D        | Killed a centaur warrior
   544 | D        | Reached ** piety under Dithmenos
   617 | D        | Noticed an oklob plant
   619 | D        | Killed an oklob plant
   619 | D        | Reached skill level 5 in Fighting
   619 | D        | Reached skill level 10 in Short Blades
   627 | D        | Reached skill level 14 in Stealth
   627 | D        | Reached skill level 5 in Ice Magic
   653 | D        | Reached *** piety under Dithmenos
   659 | D        | Noticed an unseen horror
   661 | D        | Noticed an unseen horror
   666 | D        | Killed an unseen horror
   666 | D        | Reached XP level 10. HP: 51/51 MP: 26/26
   670 | D        | Killed an unseen horror
   675 | D        | Reached skill level 5 in Armour
   677 | D        | Reached **** piety under Dithmenos
   700 | D        | Reached ***** piety under Dithmenos
   708 | D        | Reached skill level 15 in Stealth
   834 | D        | Found Tyishoq's Armour Shoppe.
   834 | D        | Found Sots's Magic Scroll Shop.
   834 | D        | Found Hiunuh's Food Boutique.
   857 | D        | Found Beubrock's Gadget Emporium.
   857 | D        | Found Utoly's Food Shop.
   857 | D        | Found Jeces's Distillery.
   857 | D        | Found Bostyd's General Store.
   857 | D        | Found Maxumoam's Armour Emporium.
   857 | D        | Found Fosek's Gadget Shop.
   857 | D        | Found Xiostiv's Distillery.
   861 | D        | Found Utilyka's Armour Boutique.
   862 | D        | Found Nuics's Food Emporium.
   862 | D        | Found Ziwuuwn's Distillery.
   863 | D        | Found Xibuh's Assorted Antiques.
   876 | D        | Bought a +2 hat for 208 gold pieces
   884 | D        | Bought a +2 robe of resistance for 377 gold pieces
  1040 | D        | Noticed an orange demon
  1143 | D        | Reached ****** piety under Dithmenos
  1161 | D        | Noticed a lindwurm
  1164 | D        | Killed a lindwurm
  1164 | D        | Reached skill level 5 in Conjurations
  1243 | D        | Reached XP level 11. HP: 56/56 MP: 28/28
  1253 | D        | Reached skill level 16 in Stealth
  1260 | D        | Reached skill level 15 in Dodging
  1276 | D        | Noticed a 12-headed hydra
  1278 | D        | Killed a 12-headed hydra
  1434 | D        | Bought a scroll of acquirement for 676 gold pieces
  1434 | D        | Bought a scroll of identify for 26 gold pieces
  1446 | D        | Bought a scroll of identify for 26 gold pieces
  1503 | D        | Noticed a shining eye
  1503 | D        | Noticed a shining eye
  1503 | D        | Noticed a shining eye
  1504 | D        | Noticed a shining eye
  1504 | D        | Noticed a shining eye
  1504 | D        | Noticed a shining eye
  1504 | D        | Noticed a shining eye
  1506 | D        | Killed a shining eye
  1506 | D        | Reached skill level 10 in Hexes
  1507 | D        | Noticed a shining eye
  1508 | D        | Killed a shining eye
  1511 | D        | Gained mutation: You tend to lose your temper in combat. [a shining eye]
  1532 | D        | Gained mutation: Armour fits poorly on your strangely shaped body. [a shining eye]
  1533 | D        | Killed a shining eye
  1608 | D        | Killed a shining eye
  1612 | D        | Killed a shining eye
  1612 | D        | Reached skill level 17 in Stealth
  1612 | D        | Gained mutation: You are clumsy. (Dex -2) [a shining eye]
  1645 | D        | Killed a shining eye
  1664 | D        | Killed a shining eye
  1672 | D        | Killed a shining eye
  1674 | D        | Found Beemopag's Food Shop.
  1674 | D        | Found Iketh's Distillery.
  1674 | D        | Found Unow's Magic Scroll Boutique.
  1675 | D        | Found Siata's Magic Scroll Shoppe.
  1700 | D        | Bought a potion of cure mutation for 250 gold pieces
  1700 | D        | Lost mutation: You tend to lose your temper in combat. [potion of cure mutation]
  1700 | D        | Lost mutation: You are clumsy. (Dex -2) [potion of cure mutation]
  1700 | D        | Lost mutation: Armour fits poorly on your strangely shaped body. [potion of cure mutation]
  1701 | D        | Gained mutation: You are partially covered in large bone plates (AC +2, SH +2). [potion of mutation]
  1701 | D        | Gained mutation: Your muscles are strong. (Str +2) [potion of mutation]
  1701 | D        | Gained mutation: You are agile. (Dex +2) [potion of mutation]
  2003 | D        | Noticed a lorocyproca
  2004 | D        | Noticed Norris
  2032 | D        | Killed a lorocyproca
  2684 | D        | Noticed a daeva
  2687 | D        | Noticed an unseen horror
  2687 | D        | Noticed an unseen horror
  2687 | D        | Noticed an unseen horror
  2688 | D        | Noticed an unseen horror
  2690 | D        | Killed an unseen horror
  2690 | D        | Reached skill level 5 in Shields
  2690 | D        | Reached XP level 12. HP: 63/63 MP: 31/31
  2695 | D        | Reached skill level 18 in Stealth
  2704 | D        | Noticed a fire giant
  2707 | D        | Noticed a fire giant
  2707 | D        | Noticed a fire giant
  2707 | D        | Noticed a fire giant
  2708 | D        | Killed a fire giant
  2710 | D        | Killed a fire giant
  2712 | D        | Killed a fire giant
  2715 | D        | Killed a fire giant
  2715 | D        | Reached skill level 15 in Spellcasting
  2737 | D        | Noticed Tiamat
  2848 | D        | Bought a scroll of blinking for 97 gold pieces
  2862 | D        | Bought a scroll of identify for 42 gold pieces
  2980 | D        | Got the Orb of Zot
  3045 | D        | Noticed an Orb Guardian
  3063 | D        | Escaped with the Orb!

Vault maps used:
D:        dungeon_sprint_1

Skill      XL: |  1  2  3  4  5  6  7  8  9 10 11 12 |
---------------+-------------------------------------+-----
Fighting       | 1 2 3 4 5 6 7 |  7.8
Short Blades   | 2 4 5 6 7 8 9 10 11 13 14 | 14.0
Dodging        | 4 6 7 8 9 10 11 13 14 16 17 | 17.5
Stealth        | 5 7 8 10 11 13 14 15 17 18 | 18.9
Spellcasting   | 3 5 6 7 9 10 11 12 14 15 | 15.1
Hexes          | 4 5 6 7 8 9 10 11 | 11.4
Armour         | 1 2 3 4 5 6 7 |  7.1
Ice Magic      | 1 2 3 4 5 6 7 |  7.7
Conjurations   | 1 2 3 4 5 6 |  6.7
Invocations    | 1 2 |  2.6
Shields        | 1 2 3 5 |  5.8

Action                   |  1- 3 |  4- 6 |  7- 9 | 10-12 || total
-------------------------+-------+-------+-------+-------++-------
Melee: Dagger            |     8 |     8 |    14 |    99 ||   129
 Cast: Corona            |     2 |       |       |       ||     2
       Dazzling Spray    |       |     5 |     2 |    25 ||    32
       Ensorcelled Hiber |       |     3 |     7 |     3 ||    13
       Confuse           |       |       |     6 |     9 ||    15
Invok: Shadow Step       |       |       |       |     9 ||     9
  Use: Potion            |       |       |     3 |     6 ||     9
       Scroll            |       |       |       |    11 ||    11
 Stab: Sleeping          |     2 |     3 |     8 |    49 ||    62
       Invisible         |       |     2 |       |     7 ||     9
       Confused          |       |       |     3 |     4 ||     7
Armor: Robe              |     1 |       |       |     1 ||     2
Dodge: Dodged            |     3 |     5 |    22 |    78 ||   108
Block: Buckler           |       |       |       |    29 ||    29
